[Event "44th Chess Olympiad Open 2022"]
[Site "Chennai"]
[Date "2022.07.29"]
[Round "1.56"]
[White "Wane, Al Hassane"]
[Black "Siddharth, Jagadeesh"]
[Result "0-1"]
[WhiteElo "1750"]
[BlackElo "2426"]
[Annotator "TA"]
[PlyCount "108"]
[EventDate "2022.??.??"]
[TimeControl "60"]

1. d4 Nf6 2. c4 c5 3. e3 g6 4. Nf3 cxd4 5. exd4 d5 6. Bd3 Bg7 7. O-O O-O 8. Nc3 Nc6 9. h3 Nb4 {[%emt 0:03:00] D94: Grünfeld:
4 Nf3 Bg7 5 e3.} 10. Re1 Nxd3 11. Qxd3 Bf5 {[%emt 0:00:21] The position is equal.} 12. Qe2 {[%emt 0:
00:43] [#]} dxc4 $146 ({Predecessor:} 12... Re8 13. Bg5 Ne4
14. Bf4 Nxc3 15. bxc3 Rc8 16. cxd5 Qxd5 17. Rac1 Be6 18. Rc2 Qf5 {0-1 (57)
Aris,T (2173)-Yeoh,L (2302) Penang 2013}) 13. Qxc4 Qd6 14. Nb5 Qa6 15. Na3 (15. Rxe7 Rac8 16. Qf1 (16. Qb3 $2 Bc2 $19) 16... Nd5 $17) 15... Qxc4 16. Nxc4 Rac8 17. Nce5 {
[%emt 0:01:45] Black converts the advantage convincingly.} (17. b3 $15) 17...
Nd5 $17 18. g4 Bc2 (18... f6
$142 19. gxf5 fxe5 20. Nxe5 Rxf5) 19. Nd7 ({White should play
} 19. Bd2) 19... Rfd8 20. Nc5 b6 $36 {
[%emt 0:01:13] Keeping White busy.} 21. Nb3 e6 22. Bg5 Rd7 23. Rac1 Nb4 {[%emt 0:03:03] [#] Strongly threatening ... Nd3. Black is more
active.} 24. Re2 Rdc7 25. Na1 (25. Ne1 $17 {might work better.}) 25... Bd3 $19 26. Rxc7 Rxc7 27. Re3 Rc1+ 28. Re1 Rxe1+ 29. Nxe1 Be4 ({Don't do} 29... Bxd4 30. a3 $11) 30. a3 Nc6 ({Weaker is} 30... Bxd4 31. axb4 Bxb2 32. Nac2 $14
) 31. Nac2 Nxd4 32. Nxd4 Bxd4 {[%emt 0:00:14] Endgame KBB-KBN} 33. Bc1 f6 34. Kf1 Kf7 35. Ke2 e5 36. f3 Bd5 37. h4 $2 (37. Nc2) 37... Bc4+ {[%emt 0:01:43] This bishop pair is nice.}
38. Kd2 h5 39. gxh5 gxh5 40. Ng2 Bf2 41. Ne3 Be6 42. Ng2 Bh3 43.
Ke2 Bg3 ({Not} 43... Bxg2 44. Kxf2 Bh3 45. f4
$15) 44. Ne3 Bxh4 45. Nd5 (
45. Nd1 $142) 45... Bg3 46. Be3 h4 47. Bf2 f5 48. Bxg3 hxg3 {[%emt 0:00:10] KB-KN} 49. f4 Ke6 50. Nc7+ Kd7 51. Nb5 exf4 {[%emt 0:00:00][%cal Ye5f4,Yf4f3] [#] ( -> ...Bg4+)} 52.
Nxa7 Bg4+ {[%emt 0:00:11] Black mates.} 53. Kf1 f3 54. Nb5 Bh3+ {[%emt 0:01:03]
Weighted Error Value: White=0.67/ Black=0.14 (very precise)} 0-1

[Event "44th Chess Olympiad Open 2022"]
[Site "Chennai"]
[Date "2022.07.29"]
[Round "1.56"]
[White "Diop, Wara"]
[Black "Wong, Zhenyong Jayden"]
[Result "0-1"]
[WhiteElo "1636"]
[BlackElo "2163"]
[Annotator "ChessBase"]
[PlyCount "98"]
[EventDate "2022.??.??"]
[TimeControl "60"]

1. e4 c5 2. Nf3 e6 3. d4 cxd4 4. c3 Nf6 5. Bd3 dxc3 6. Nxc3 Nc6 7. O-O d5 8. Bb5 a6 9. Ba4 Be7 10. Qe2 dxe4 11. Rd1 Qc7 12. Nxe4 b5 13. Bb3 Bb7 14. Neg5 O-O 15. Nxf7 Rxf7 16. Qxe6 Nd8 17. Rxd8+ Bxd8 18. Ng5 Bd5 19. Bxd5 Nxd5 20. Qxd5 Rc8 21. Qxf7+ Qxf7 22. Nxf7 Kxf7 23. Be3 Rc2 24. Bd4 Bf6 25. Bxf6 Kxf6 26. Rb1 b4 27. g3 g5 28. h3 h5 29. Kf1 Kf5 30. Kg2 Ke4 31. Re1+ Kd5 32. Rd1+ Kc5 33. Rb1 g4 34. hxg4 hxg4 35. Re1 Rxb2 36. Re5+ Kc6 37. Re6+ Kb5 38. Re4 Rxa2 39. Rxg4 Rc2 40. Rh4 b3 41. Rh1 b2 42. Rb1 a5 43. g4 a4 44. g5 a3 45. g6 Rc6 46. f4 Rxg6+ 47. Kf3 Kc4 48. Ke4 a2 49. Rxb2 a1=Q 0-1

[Event "44th Chess Olympiad Open 2022"]
[Site "Chennai"]
[Date "2022.07.29"]
[Round "1.57"]
[White "Chukavin, Kirill"]
[Black "Dalliah, Joseph"]
[Result "1-0"]
[WhiteElo "2418"]
[BlackElo "1920"]
[Annotator "TA"]
[PlyCount "51"]
[EventDate "2022.??.??"]
[TimeControl "60"]

1. e4 e5 2.
Nf3 Nc6 3. Nc3 Bc5 4. Nxe5 Nxe5 5. d4 Bxd4 6. Qxd4 d6 7. Be2 {
[%emt 0:08:13] C46:3 Nc3: Unusual Black 3rd moves.} Nf6 8. Bg5
{[%emt 0:02:31] Black must now prevent 0-0-0.} Be6 {[%emt 0:00:52] [#]} (8...
h6 $16 {is a better defense.} 9. Bf4 Nc6) 9. f4 $146 {[%emt 0:01:49] White is
clearly better.} ({Predecessor:} 9. O-O-O h6 10. Bh4 Nc6 11. Qd2 g5 12. Bg3 Qd7
13. Rhe1 O-O-O 14. Bb5 a6 15. Ba4 {1-0 (23) Swinkels,R-Vermeend,J Hengelo 1999}
) 9... Nc6 10. Bb5 Bd7 11.
Bxc6 Bxc6 {[%emt 0:00:14] [#]} 12. O-O-O $1 {[%emt 0:19:42]
Strongly threatening e5.} h6 {[%emt 0:04:40] [#]} 13. Bh4 O-O 14. Rhe1 Re8 15. Qf2 {
[%emt 0:05:16] aiming for e5. White is more active.} Qc8 $2 {[%emt 0:06:28] A
mistake that costs the game.} (15... Qe7 $16) 16. Bxf6 gxf6 17. Qh4 Kg7 18.
Rd3 Qe6 19. Rg3+ (19. Rh3 Rh8 20. Nd5 Bxd5 $16) 19... Kh7 $2 (
19... Kf8 20. Ree3 (20. Qxh6+ Ke7 $16) 20... Ke7 21. Nd5+ (21. Qxh6 Kd7 $16)
21... Kd8) 20. f5 {[%emt 0:03:54] White wants to mate with Rh3.} Qe7 21. Rh3 ({Weaker is} 21. Qg4 Rg8 22. Qf4 Rxg3 23. hxg3
(23. Qxg3 Rg8 $11) 23... Qe5 $11) 21... Qf8 22. Ree3 b5 23. Qf4 b4 24.
Nd1 {[%emt 0:01:48][%cal Yc3d1,Yd1f2,Yf2g4] Hoping for Nf2.} d5 25. Nf2 dxe4 26. Ng4 {[%emt 0:00:28]
Weighted Error Value: White=0.03 (flawless) /Black=0.79} 1-0

[Event "44th Chess Olympiad Open 2022"]
[Site "Chennai"]
[Date "2022.07.29"]
[Round "1.57"]
[White "Bah, Ebrima"]
[Black "Kiik, Kalle"]
[Result "0-1"]
[WhiteElo "2078"]
[BlackElo "2365"]
[Annotator "TA"]
[PlyCount "146"]
[EventDate "2022.??.??"]
[TimeControl "60"]

1. e4 c5 2. Nf3 Nc6 3. d4 cxd4 4. Nxd4 e5 5. Nxc6 bxc6 6. Bc4 Nf6 7. Bg5 Qa5+ {[%emt 0:07:19] B32: Sicilian: Löwenthal and Kalashnikov
Variations.} 8. Qd2 Bb4 9. c3 $1 Be7 {[%emt 0:00:12] Black is slightly better.} 10. Bxf6 Bxf6 11. b4 Qc7 {[%emt 0:01:15] [#]} 12. a4
$146 ({Predecessor:} 12. b5 cxb5 13. Bxf7+ Ke7 14. O-O Bb7 15.
Bd5 Bxd5 16. Qxd5 Qc6 17. Rd1 Qxd5 18. Rxd5 {0-1 (77) Zeitler,J (1683)-Mock,M 
(1969) Zirndorf 2017}) 12... O-O 13. O-O Bb7 14. Na3 Rad8 15.
Qe3 d5 16. Bd3 Qb8 17. a5 h6 18. Nc2 Bg5 19. Qe2 Bc8 20. f3 (20. Rfe1 $11) 20... Rfe8 $15 21. Rad1 Qc7 22. Kh1 Be6 23. Ne3 Bxe3 24. Qxe3 d4 25. Qd2 {[%emt 0:01:36] [#]} (25. Qe1 $15) 25... c5 $1 $17 26. c4 cxb4 27. Qxb4 Rb8 28. Qa3 (28. Qa4 $17)
28... Qe7 ({Don't play} 28... Bxc4 29. Rc1 $16) 29. Qxe7 Rxe7 30. Rb1 Reb7 31. Rb5 {[%emt 0:01:05] [#]} a6 $1 32. Rxb7 ({Don't blunder} 32. Rxe5 $2 Rb3 33. Be2 d3 $19) 32... Rxb7 {[%emt 0:
00:00] Endgame KRB-KRB} 33. c5 Rb3 34. Bxa6 Ra3 35. c6 Rxa5 36. Bb7 Rc5 {[%emt 0:00:13] aiming for ...d3.} 37. Kg1 Kf8 38. Rd1 Ke7 39. Rd2 Kd6 40. Kf2 (
40. h4 $142) 40... Bb3 41. Rb2 Rc3 42. Ke2 (42. h4 {only move.}) 42... f6 43. Ba8 (43. Ba6 {might work better.}) 43... g5 $19 44. h3 (44. g4 {keeps fighting.}) 44... Ba4 (44... h5 $142 45. Kd2 h4) 45. Bb7 h5 ({And not} 45... Bxc6 46. Bxc6 Kxc6 47. Ra2
$17) 46. Kd2 h4 47. Ra2 Bxc6 48. Ra6 Kc7 49. Bxc6 Rxc6 {[%emt 0:00:06] KR-KR} 50. Ra8 Rb6 {
[%emt 0:02:26] Strongly threatening ...Rb2+.} 51. Ra2 Kd6 52. Rc2 Ra6 {[%emt 0:00:24] Inhibits Ra2.} 53.
Ke2 Ke6 {[%emt 0:02:26] Threatens to win with ...f5.} 54. Kd3
$2 (54. Rc8) 54... f5 55. Rb2 Ra3+ 56. Kd2 fxe4 57. fxe4 Rg3 58. Kd1 Rd3+ 59. Kc2 Re3 {[%emt 0:00:29] And now ... Re2+ would
win.} 60. Rb6+ Kf7 61. Rb7+ Kg6 62. Rb6+ Kh5 {[%emt 0:00:00] Hoping for .
..g4.} 63. Kd1 Rxe4 (63... g4 $142 64. hxg4+
Kg5) 64. Kd2 Re3 65. Re6 Rg3 66. Rxe5 Rxg2+ 67. Kd3 Rg3+ 68. Kxd4 Rxh3 69. Ke4 {[%emt 0:01:07] Black mates.} Kg4 70. Re8 Rh1 71. Rg8 Re1+ 72. Kd3 h3 73. Kd2 Re5
{[%emt 0:00:06] Weighted Error Value: White=0.62/Black=0.11 (very precise)} 0-1

[Event "44th Chess Olympiad Open 2022"]
[Site "Chennai"]
[Date "2022.07.29"]
[Round "1.57"]
[White "Garber, Ousainou"]
[Black "Volodin, Aleksandr"]
[Result "0-1"]
[WhiteElo "1772"]
[BlackElo "2454"]
[Annotator "TA"]
[PlyCount "104"]
[EventDate "2022.??.??"]
[TimeControl "60"]

1. d4 Nf6 2. Nf3 e6 3. e3 c5 4. c3 b6 5. Nbd2 Bb7 6. Bd3 Be7 7. Qc2 {[%emt 0:00:44] A47:1 d4 Nf6 2 Nf3
b6: Torre, London and Colle Systems.} d5 {[%emt 0:00:24] [#]} 8. b3 $146 ({Predecessor:} 8. O-O c4 9. Be2 O-O 10. Ne5 Nc6 11. Nxc6 Bxc6
12. f3 b5 13. e4 a5 14. e5 {1-0 (85) Toma,R (2047)-Tiron,L (1672) Voineasa 2010
}) 8... Nc6 9. O-O {[%emt 0:00:45] The position is equal.} Qc7 10. Re1 Rc8 11. Bb2 O-O 12. Rac1 Qb8 13. Qb1 h6 14. e4 (14.
h3 $11) 14... dxe4 $17 15. Nxe4 cxd4 16. cxd4 Nb4 17. Nxf6+ Bxf6 18. Ne5 Rcd8 {[%emt 0:
00:00] Prevents Nd7.} (18... Nxd3 $17 19. Qxd3 Qd6) 19. Bb5 Qd6 20. a3 Qd5 21. Bf1 Nc6 22. Bc4 Qd6 {[%emt 0:00:29] [#]} 23. Nxf7 $1 Rxf7 24. Bxe6 (24. Rxe6 $11 {keeps the balance.} Qf4 {[#]} 25.
Rxc6 $1 Bxc6 26. Bxf7+ Kxf7 27. Rxc6) 24... Ne7 25. Rcd1 {[%emt 0:04:43] Black converts the advantage convincingly.} (25. Bxf7+
$15 Kxf7 26. d5 Bxb2 27. Qxb2) 25... Bd5 26. Bxf7+ Kxf7 ({And not} 26... Bxf7 27. d5 $15) 27. Qd3 Ng6 {[%emt 0:00:14] White must now prevent ...Nf4. Black has
strong compensation.} 28. g3 {[%emt 0:03:49] Prevents Nf4.} Qd7 29. f3 Ne7 30. Re2 Nc6 31. b4 Ne7 32. Bc1 Qc6 33. Rf2 Bc4 {[%emt 0:01:27] A strong pair of Bishops.} 34. Qe3 (34.
Qe4 $17) 34... Nf5 35. Qf4 (35. Qe4 Qa4 36.
Rfd2 (36. Re1 $2 Nxd4 37. Bb2 Kg8 $19)) 35... Nxd4 $19 {[%emt 0:02:51] Hoping
for ...Ne2+.} 36. Re1 {[%emt 0:11:38] Against Ne2+} Bd5 37.
Kg2 (37. b5 $142 Qxb5 38. Qg4) 37... g5 38. Qg4 Kg6 {[%emt 0:00:12] Active counter play!
} 39. b5 Qb7 {[%emt 0:01:00] Strongly threatening ...h5.} 40.
h4 h5 41. Qh3 g4 42. Qh1 Nxf3 {[%emt 0:00:13] Black mates.} 43. Qf1 Nxe1+ 44. Kg1 Nf3+ 45. Rxf3 Bxf3 46. Qc4 Rd1+ 47. Kf2 Bd4+ 48. Be3 Bxe3+ 49. Kxe3 Qe7+ 50. Kf4 Qf6+ 51. Ke3 Qe5+ 52. Kf2 Qe1# {[%emt 0:
00:00] Weighted Error Value: White=0.67/Black=0.15 (very precise)} 0-1

[Event "44th Chess Olympiad Open 2022"]
[Site "Chennai"]
[Date "2022.07.29"]
[Round "1.58"]
[White "Henderson de La Fuente, Lance"]
[Black "Khan, Taffin"]
[Result "1-0"]
[WhiteElo "2490"]
[BlackElo "2019"]
[Annotator "ChessBase"]
[PlyCount "61"]
[EventDate "2022.??.??"]
[TimeControl "60"]

1. d4 Nf6 2. Nf3 d6 3. Nc3 Nbd7 4. e4 e5 5. g3 Be7 6. Bg2 O-O 7. O-O c6 8. a4 b6 9. Re1 a6 10. b3 Bb7 11. Bb2 Qc7 12. Nb1 Rfe8 13.
Nbd2 Bf8 14. c4 a5 15. Qc2 h6 16. Rad1 Rad8 17. c5 bxc5 18. dxe5 dxe5 19. Nc4 Ba6 20. Ncxe5 Nxe5 21. Bxe5 Qe7 22. Rxd8 Rxd8 23. Bc3 c4 24. bxc4 Qc5 25. e5 Ne8 26. e6 fxe6 27. Ne5 Bxc4 28. Qg6 Nd6 29. Ng4 Kh8 30. Qxh6+ Kg8 31. Qg6 1-0

[Event "44th Chess Olympiad Open 2022"]
[Site "Chennai"]
[Date "2022.07.29"]
[Round "1.58"]
[White "Ribera Veganzones, Josep Maria"]
[Black "Nathoo, Loris"]
[Result "1-0"]
[WhiteElo "2228"]
[BlackElo "1695"]
[Annotator "NA RC"]
[PlyCount "55"]
[EventDate "2022.??.??"]
[TimeControl "60"]

1. e4 c5 2. Nf3 Nc6 3. Bb5 g6 4. O-O Bg7 5. Re1 a6 6. Bxc6 dxc6 7. d3 Nf6 8. h3 Qc7 9. Nc3 Nd7 10. Be3 b6 11. Qd2 h6 12. Nh2 Bb7 13.
a4 O-O-O 14. f4 e5 15. Qf2 a5 16. f5 Kb8 17. fxg6 fxg6 18. Qf7 Nf8 19. Rf1 Rd7 20. Qb3 Ka7 21. Rf2 Qd6 22. Raf1 Ne6 23. Ne2 Rf8 24. Rxf8 Nxf8 25. Qg8 Qe7 26. Ng4 g5 27. Ng3 Qe6 28. Rxf8 1-0

[Event "44th Chess Olympiad Open 2022"]
[Site "Chennai"]
[Date "2022.07.29"]
[Round "1.58"]
[White "Drayton, Anthony"]
[Black "Fluvia Poyatos, Jordi"]
[Result "1-0"]
[WhiteElo "1928"]
[BlackElo "2451"]
[Annotator "TA"]
[PlyCount "69"]
[EventDate "2022.??.??"]
[TimeControl "60"]

1. d4 d6 2. Bf4 g6 3. Nc3 Bg7 4. e4 a6 5. Qd2 b5 6. a3 {[%emt 0:05:35] B06: Modern Defence.} Bb7 7. f3 {
[%emt 0:00:31] [#]} Nc6 $146 (7... Nd7 $11 {is superior.}) ({
Predecessor:} 7... Nd7 8. O-O-O c5 9. Nge2 cxd4 10. Nxd4 Bxd4 11. Qxd4 e5 12.
Qxd6 exf4 13. Nxb5 axb5 14. Bxb5 {½-½ (55) Orozbaev,E (1973)-Gajewski,G 
(2616) Chess.com INT 2020}) 8. Nge2 {[%emt 0:02:18] White is slightly better.}
e5 9. Bg5 Qd7 10. d5 Nce7 11. g4 h5 12. gxh5 f6 13. Be3 Rxh5 14. h4 f5 15.
Bg5 c6 (15... Bf6 $14 16. f4 Bxg5 17. fxg5 c6
) 16. dxc6 $18 Bxc6 17. O-O-O (17. Ng3 $18) 17... Rd8 $2 (17... Bf6 $16 18. Bg2 Bxg5 19.
hxg5 Rxh1 20. Bxh1 (20. Rxh1 d5 $14) 20... a5) 18. Ng3 Rh8 19. h5 $2 (19. Bh3 $1 $18) 19... f4 $14 20. Bh3 Qa7 {[%emt 0:02:01] [#]} 21. Be6 $1 {
[%emt 0:07:14][%cal Yh5g6] Black must now prevent hxg6!} fxg3 22. h6 $1 g2 (22... Nxh6 $14 23. Be3 Qc7) 23.
Qxg2 $40 {[%emt 0:01:08] White attacks with force. Really sharp!} Nxh6 {
[%emt 0:04:32] [#]} 24. Nd5 {[%emt 0:04:02] 0x0.001eb869b22cdp-1022s more
active pieces. The black rooks are badly placed.} (24. Kb1 $1 $16) 24... Bxd5
$15 25. exd5 Nf7 {[%emt 0:04:44] Hoping for .
..Rxh1.} 26. Rxh8+ Bxh8 27. Rh1 {[%emt 0:00:
52] [#] aiming for Rh7.} Bg7 $1 28. Rh7 Kf8 {
[%emt 0:03:15] [#]} (28... Nxg5 $17 29. Qxg5 Kf8) 29. Bf6 $3 $18 {[%emt 0:00:
16] Pin. This bishop pair is nice.} Qe3+ (29... Bxf6 30. Rxf7+
) 30. Kb1 Bxf6 31. Rxf7+ Ke8 32. Rxf6 (32. Rxe7+ $142 Kxe7 33. Qxg6 Qg1+
34. Qxg1 Bh8 35. Qg5+ Bf6 36. Qg6 Rf8 37. Qh7+ Bg7 38. Qxg7+ Rf7 39. Qxf7+ Kd8
40. Qd7#) 32... Rb8 33. Rxg6 (33. Qh1 $142
Kd8 34. Qh7 Rb7 35. Rf8+ Kc7 36. Qxe7+ Kb6 37. Qxd6+ Ka7 38. Qd8) 33... Nxg6 34. Qxg6+ Kd8 35. Qg7 {
[%emt 0:00:31] Weighted Error Value: White=0.68/Black=0.78} 1-0

[Event "44th Chess Olympiad Open 2022"]
[Site "Chennai"]
[Date "2022.07.29"]
[Round "1.58"]
[White "Neto, Roberto"]
[Black "Ribera Veganzones, Serni"]
[Result "0-1"]
[WhiteElo "1663"]
[BlackElo "2203"]
[Annotator "RC"]
[PlyCount "59"]
[EventDate "2022.??.??"]
[TimeControl "60"]

1. e4 c5 2. Nf3 Nc6 3. d4 cxd4 4. Nxd4 e6 5. Bc4 Nf6 6.
Nxc6 bxc6 7. Nd2 Qc7 8. O-O Be7 9. f4 d5 10. Bd3 O-O 11. e5 Nd7 12. Qh5 g6 13. Qh3 Bb7 14. Nf3 Nc5 15. Be3 Ne4 16. Bxe4 dxe4 17. Ng5 Bxg5 18. fxg5 Qxe5 19. c3 c5 20. Bf4 Qg7 21. Bd6 Rfd8 22. Bxc5 Rd2 23. Qe3 Rd3 24. Qf4 e5 25. Qg4 Rad8 26. Be7 R8d7 27. Bf6 Qf8 28. Bxe5 e3 29. Rad1 Rd2 30. Rxd2 0-1

[Event "44th Chess Olympiad Open 2022"]
[Site "Chennai"]
[Date "2022.07.29"]
[Round "1.59"]
[White "Murphy, Conor E"]
[Black "Ashraf, Ahmed Ramadan"]
[Result "1-0"]
[WhiteElo "2404"]
[BlackElo "1916"]
[Annotator "TA"]
[PlyCount "101"]
[EventDate "2022.??.??"]
[TimeControl "60"]

1. Nf3 Nf6 2. g3 d5 3. Bg2 e6 4. c4 Be7 5. O-O O-O 6. d4 b6 7. cxd5 exd5 8. Nc3 Bb7 9. Bf4 Nh5 10. Be3 {[%emt 0:08:13] E18: Queen's
Indian: Old Main Line (4 g3 Bb7 5 Bg2 Be7 6 0-0 0-0 7 Nc3).} f5 11. Ne5 {[%emt 0:06:46] [#]} c6 $146 ({Predecessor:} 11...
Nf6 12. Rc1 a6 13. Qb3 Kh8 14. Qc2 g6 15. Bh6 Kg8 16. Bxf8 Bxf8 17. Na4 Bd6 {
0-1 (56) Lasic,L (2114)-Balen,T (1976) Zagreb 2019}) 12. Rc1 {[%emt 0:03:48]
White has an edge.} Nd7 {[%emt 0:05:48] [#]} (12... Bd6 $11) 13. f4 (13. Nxc6 $1 $16 Bxc6 14. Nxd5 Bxd5 15. Bxd5+ Kh8 16. Bxa8 Qxa8 17. Rc7
) 13... Nhf6 14. h3 Rc8 15.
Bf2 Ne4 16. Nxe4 fxe4 17. Qa4 Nxe5 18. dxe5 Ra8 19. Rfd1 {[%emt 0:01:37] Black
must now prevent Bxe4.} Qb8 20. b4 (20. Rxc6
$2 Qe8 21. Rdc1 Bc5 22. R1xc5 bxc5 $19) (20. h4 $142) 20... b5 (20... a5 $142 21. b5 (21. Bxb6 axb4 22. Qc2 Ra3 $17) 21... c5) 21. Qb3 $11 a5 22. a3 (22. bxa5 $14 Rxa5
23. Bxe4) 22... axb4 $15 23. axb4 Ra4 24. Bc5 Bxc5+ 25. bxc5 (25. Rxc5 $11 Qa7 26. Qc3 (26. Bxe4 $2 Ra3 $19)) 25... Qa7 26. Kh2 Ra3 ({Better is} 
26... Qa5 $17 27. Qe3 Bc8) 27. Qb2 Ra2 $36 {[%emt 0:00:32]
Black is on the roll.} 28. Qd4 (28. Ra1 $142 Rxa1 29. Rxa1
Qxc5 30. h4) 28... Ra4 29. Qf2 Ra2 30. Qd4 $1 Ra4 31. Qf2 Ra2 (31... Bc8 $17 32. Rd2 Qe7) 32. Qe3 (32. Qd4 $1 $11 {was the only way to keep the balance.}) 32... Qa5 33. g4 ({White should play} 33. f5 $15) 33... Ra3 34. Qf2 Ra2 $2 (34... Ba6 $19
{Strongly threatening ...b4.} 35. Rb1 Qc3) 35. f5 (35. Qe3 $1
$11 {keeps the balance.}) 35... b4 (35... Qc7 $17 36. Qg3 Rxe2
) 36. Qg3 {[%emt 0:01:02] [#]} Rxe2 (36... Ba6 $1 $17 37. e3 Be2) 37. e6 $11 {[%emt 0:00:03] aiming for Qd6.} b3 38. Qxb3 Qc7+ (38... h5 $5 ) 39. Qg3 {[%emt 0:00:05] Active counter play!} Qxg3+ 40. Kxg3 {[%emt 0:00:03] Threatens to win with Rb1.} Ra8 $2 (40... Bc8 $11 {and Black has nothing to worry.}) 41. Rb1 Bc8 42. Rb6 g5 (42... Ra3+
$2 43. Kh4 Rxg2 44. Rb8 $18) 43. Rxc6 {[%emt 0:00:00] Rc7 is the strong threat.
} Bb7 (43... Rb2 $142 44. Rd6 (44. Rxd5 Bb7 $11) (44. Bxe4 $2
dxe4 45. Rxc8+ Rxc8 $19) 44... Kf8 45. R6xd5 Ra3+ 46. Kh2 Ke7) 44. Rc7 $18 Raa2 {[%emt 0:00:48] [#]} 45. Rg1 $1 ({
Worse is} 45. Bxe4 Rxe4 46. Rd3 Rb2 $11) 45... Reb2 46. f6 {
[%emt 0:02:36][%cal Yf5f6,Yf6f7] White wants to mate with Rg7+.} Rb3+ 47. Kh2 {[%emt 0:00:09] Intending Rg7+ and mate.} Rf2 48. Rf1 {[%emt 0:02:44] White mates.} e3 49. Rxf2 exf2 50. Rd7 h6 51. f7+ {[%emt 0:00:33] What a bad dream for Black. Weighted Error Value:
White=0.23 (precise) /Black=0.61} 1-0

[Event "44th Chess Olympiad Open 2022"]
[Site "Chennai"]
[Date "2022.07.29"]
[Round "1.59"]
[White "Kanyamarala, Tarun"]
[Black "Mujahid Bin Yazeed"]
[Result "1-0"]
[WhiteElo "2379"]
[BlackElo "1418"]
[Annotator "TA"]
[PlyCount "75"]
[EventDate "2022.??.??"]
[TimeControl "60"]

1. f4 f5 2. Nf3 Nf6 3. g3 d5 4. Bg2 {[%emt 0:01:09] [#]} Be6 $146 ({Predecessor:} 4... e6 5. b3 c5 6. Bb2 Nc6 7. e3 Bd6 8. O-O
O-O 9. Na3 a6 10. c4 Rb8 11. d4 b5 12. cxd5 Nxd5 {½-½ (41) Celik,C (1546)
-Ozsakallioglu,A (1865) Antalya 2018}) 5. O-O Qc8 (5... Bf7 $11) 6. b3 {[%emt 0:05:45][%cal Yc2c4] A02: Bird's Opening.} Bf7 7. c4 c6 8. Bb2 {[%emt 0:00:
00] White is slightly better.} Nbd7 9. cxd5 {[%emt 0:22:37]
White is more active.} cxd5 10. Nc3 Qc5+ (10... e6 $14) 11. Kh1 $16 e6 12. Rc1 Qa5 13. Nd4 {[%emt 0:12:20][%cal
Yf3d4,Yd4c2,Yc2e3,Ye3c4,Yc4d6] [#] Hoping for Ncb5.} a6 {[%emt 0:00:00]
Against Ncb5} 14. d3 Bc5 15. Nc2 (15. Na4 $5 ) 15... h5 16. h4 (16. e4 $16) 16... Be7 (16... O-O $15) 17. e4 $14 O-O 18. Ne3 dxe4 ({Black should try} 18... Ng4 $14 19. Qe1 Nxe3 20. Qxe3 Rae8) 19. dxe4 $16
{[%emt 0:02:23] [#] Threatens to win with e5.} Bc5 (19... Nc5
$142) 20. Nc4 Qc7 (20... Qd8 $16 21. Nd6 Bxd6
) 21. Na4 $18 {[%emt 0:01:55] aiming for Ne5.} Rad8 22. Qe2 ({Better is} 22. e5 $18 Ng4 23. Qe2) 22... Ba7 $2 {[%emt 0:02:
43] This move loses the game for Black.} (22... b5 $16) 23. e5 Nd5 (23... Ng4 $142 24. Ba3 b5) 24. Nd6 Qb8 25. Bxd5 exd5 26. Nxf5 {
[%emt 0:00:19] Pair of Knights!} b5 $2 (26... Rfe8 27. Ba3 Nf6
28. Ne7+ Rxe7) 27. e6 {[%emt 0:00:55] And now Ne7+ would win.} bxa4 28. exf7+ (28. Ne7+ $142 Kh7 29. exf7 Qd6 30. Rc6 Qxc6
31. Nxc6 Nf6 32. Nxd8 d4 33. Qe7) 28... Rxf7 29. Ne7+ Kf8 (29... Rxe7 $142 30. Qxe7 d4) 30. Ng6+ Kg8 31. Qxh5 Rf6 32. Ne7+ Kf8 33.
Nc6 {[%emt 0:00:21] Intending Qh8+ and mate.} Qb5 34. Bxf6 {
[%emt 0:00:42] White mates.} Nxf6 35. Qh8+ Ng8 36. Nxd8 Be3 37. Ne6+ Kf7 38. Qxg7+ {[%emt 0:00:18] Weighted Error
Value: White=0.40/Black=0.84} 1-0

[Event "44th Chess Olympiad Open 2022"]
[Site "Chennai"]
[Date "2022.07.29"]
[Round "1.59"]
[White "Fuad, Ahmed Mufleh"]
[Black "O`Gorman, Tom"]
[Result "0-1"]
[WhiteElo "2086"]
[BlackElo "2401"]
[Annotator "TA"]
[PlyCount "44"]
[EventDate "2022.??.??"]
[TimeControl "60"]

1. d4 d5 2. c4 e6 3. Nc3 Nf6 4. Bg5 Be7 5. Nf3 O-O 6.
Bxf6 Bxf6 7. e4 {[%emt 0:00:43] D53: Queen's
Gambit Declined: 4 Bg5 Be7: Early deviations.} (7. e3 $11) 7... dxe4 $17 8. Nxe4 Be7 (8... Nc6 $17 9. Nxf6+ Qxf6) 9. Qb3 {[%emt 0:00:44] [#] The position is equal.}
a5 $146 ({Black should play} 9... c5 $15 10. d5 (10. Nxc5 Qa5+
11. Qc3 Qxc3+ 12. bxc3 Bxc5 $15) (10. dxc5 Na6 $15) 10... f5) ({Predecessor:} 
9... b6 10. O-O-O Nd7 11. Bd3 a5 12. a3 c6 13. h4 h6 14. g4 Qc7 15. Bc2 b5 {
1-0 (40) Palek,M (2233)-Novacek,K (2058) Czech Republic 2010}) 10. O-O-O (10. Be2 $11) 10... a4 $15 11. Qc2 a3 12. b3 Na6 13. h4 (13. c5 $15) 13... Nb4 14. Qd2 b6 15. Bd3 c5 (15... f5 $17 16. Nc3 Bb7) 16. dxc5 bxc5 {
[%emt 0:03:19] [#] And now ...f5 would win.} 17. Bb1 Qc7 $36 {
[%emt 0:02:04] ...f5 is the strong threat. Keeping White busy.} 18. Qe3 f5 19. Neg5 {[%emt 0:04:50] This move loses
the game for White.} (19. Nc3 $17) 19... Bf6 $19 {[%emt 0:01:13] Hoping for ...
Bb2+.} 20. Rd2 (20. Rhe1 {was necessary.} Bb2+ 21. Kd2) 20...
e5 {[%emt 0:03:03][%cal Ye6e5,Ye5e4] Threatens to win with ... e4. Black is
clearly winning.} 21. Kd1 Ra6 22. Ke2 e4 {[%emt 0:01:38] Weighted Error Value: White=0.54/ Black=0.
16 (very precise)} 0-1

[Event "44th Chess Olympiad Open 2022"]
[Site "Chennai"]
[Date "2022.07.29"]
[Round "1.59"]
[White "Muhammed, Shuaau"]
[Black "Baburin, Alexander"]
[Result "0-1"]
[WhiteElo "1987"]
[BlackElo "2400"]
[Annotator "ChessBase"]
[PlyCount "75"]
[EventDate "2022.??.??"]
[TimeControl "60"]

1. e4 Nf6 2. e5 Nd5 3. d4 d6 4. Nf3 g6 5. g3 Bg7 6. Bg2 O-O 7. O-O dxe5 8. Nxe5 c6 9. Qe2 Nd7 10. Nf3 b5 11. a4 b4 12. c4 bxc3 13.
Nxc3 a5 14. Rd1 Ba6 15. Qc2 Qb6 16. Ne5 Nxe5 17. dxe5 e6 18.
Nxd5 cxd5 19. Be3 Qb8 20. f4 Rc8 21. Qd2 Bf8 22. Rdc1 Qb3 23.
Rc3 Rxc3 24. Qxc3 Qxc3 25. bxc3 Rc8 26. Bb6 Bc5+ 27. Bxc5 Rxc5 28. Ra3 Bc4 29. Bf1 Kg7 30. Bxc4 Rxc4 31. Kf2 h6 32. h4 g5 33. hxg5 hxg5 34. Kf3 Kg6 35. Rb3 gxf4 36. Rb5 Rxc3+ 37. Kxf4 Rc4+ 38. Ke3 0-1